 Dungeon Crawl Stone Soup version 0.20-a0-269-g17f5411 (webtiles) character file.

1173 joejoepie the Slasher (level 8, -1/68 HPs)
             Began as a Minotaur Fighter on Dec 4, 2016.
             Was a Follower of Makhleb.
             Slain by a gnoll
             ... wielding a +0 spear
              (4 damage)
             ... on level 6 of the Dungeon on Dec 8, 2016.
             The game lasted 00:29:45 (4840 turns).

joejoepie the Slasher (Minotaur Fighter)            Turns: 4840, Time: 00:29:46

Health: -1/68      AC:  7    Str: 25    XL:     8   Next: 18%
Magic:  16/16      EV:  9    Int:  5    God:    Makhleb [*.....]
Gold:   252        SH: 11    Dex: 13    Spells: 7/7 levels left

rFire  . . .     SeeInvis .     a - +1 long sword
rCold  . . .     Gourm    .     b - +0 scale mail
rNeg   . . .     Faith    .     c - +0 shield
rPois  .         Spirit   .     (helmet restricted)
rElec  .         Reflect  .     (no cloak)
rCorr  .         Harm     .     (no gloves)
MR     +....                    (no boots)
Stlth  ..........               (no amulet)
                                p - ring of protection from magic
                                n - ring of magical power

@: mighty
A: retaliatory headbutt, horns 2
a: Renounce Religion


You were on level 6 of the Dungeon.
You worshipped Makhleb.
Makhleb was aware of your devotion.
You were not hungry.

You visited 2 branches of the dungeon, and saw 7 of its levels.

You collected 252 gold pieces.

Inventory:

Hand Weapons
 a - a +1 long sword (weapon)
Missiles
 u - 3 tomahawks
 x - 8 tomahawks of dispersal (quivered)
Armour
 b - a +0 scale mail (worn)
 c - a +0 shield (worn)
 l - a +0 ring mail
 o - a +1 cloak
 t - the cursed +0 leather armour of God Told Me To {Int+6, unknown}
   (You found it on level 4 of the Dungeon)

   It affects your intelligence (+6).
   It has a curse placed upon it.
Jewellery
 n - a ring of magical power (left hand)
 p - a ring of protection from magic (right hand)
Wands
 h - a wand of lightning (4/15)
Scrolls
 e - a scroll of recharging
 g - a scroll of blinking
 k - a scroll of teleportation
 m - 5 scrolls of identify
 v - a scroll of random uselessness
Potions
 d - a potion of might
 r - a potion of agility
 s - a potion of flight
 w - 2 potions of curing
 z - a potion of mutation
Comestibles
 f - 3 bread rations
 i - 4 chunks of flesh
 j - a meat ration
 q - a royal jelly
 A - a beef jerky


   Skills:
 + Level 5.2 Fighting
 + Level 7.7 Long Blades
 + Level 5.9 Armour
 + Level 2.4 Dodging
 + Level 1.0 Stealth
 + Level 6.8 Shields


You had 7 spell levels left.
You didn't know any spells.

Dungeon Overview and Level Annotations

Branches:
Dungeon (6/15)             Temple (1/1) D:5

Altars:
Ashenzari
Cheibriados
Dithmenos
Elyvilon
Fedhas
Gozag
Hepliaklqana
Kikubaaqudgha
Makhleb
Nemelex Xobeh
Okawaru
Qazlal
Ru
Sif Muna
Trog
Uskayaw
Vehumet
Xom
Yredelemnul
Zin
The Shining One

Annotations:
D:3 Borgoz's ghost, amateur TrTm


Innate Abilities, Weirdness & Mutations

You reflexively headbutt those who attack you in melee.
You have a pair of horns on your head.


Message History

You closely miss the gnoll.
The gnoll is almost dead.
You block the gnoll's attack.
The gnoll hits you with a flail of protection!
* * * LOW HITPOINT WARNING * * *
You feel very mighty all of a sudden. The gnoll hits you but does no damage.
The gnoll hits you with a flail of protection.
* * * LOW HITPOINT WARNING * * *
You hit the gnoll.
You kill the gnoll!
Makhleb accepts your kill. The gnoll closely misses you.
The gnoll hits you with a spear.
* * * LOW HITPOINT WARNING * * *
You see here a gnoll corpse.
You slash the gnoll!
The gnoll is severely wounded.
The gnoll hits you with a spear.
You die...

#####################
..........)#....#..[.
.......)@g)(....'....
........)..#....#....
############''''#########
...................
≈≈≈≈≈≈....≈≈≈≈≈≈≈≈≈
≈≈≈≈≈≈....≈≈≈≈≈≈≈≈≈
≈≈≈≈≈≈....≈≈≈≈≈≈≈≈≈
...................
............)......


You could see a gnoll.

Vanquished Creatures
  An orc warrior (D:6)
  A phantom (D:4)
  2 ogres
  A centaur (D:4)
  A bullfrog (D:5)
  A howler monkey (D:4)
  3 crimson imps
  A hound (D:5)
  A bullfrog skeleton (D:5)
  A jelly (D:5)
  2 orc priests
  3 iguanas
  4 worker ants
  A worker ant zombie (D:6)
  5 adders
  7 gnolls (D:6)
  5 worms
  A dart slug (D:2)
  3 leopard geckos
  8 orcs
  3 giant cockroaches
  10 goblins
  4 hobgoblins
  8 jackals
  A ball python (D:1)
  6 bats
  6 frilled lizards
  7 kobolds (D:2)
  A quokka zombie (D:5)
  4 rats
102 creatures vanquished.

Notes
Turn   | Place    | Note
-------+----------+-------------------------------------------
     0 | D:1      | joejoepie the Minotaur Fighter began the quest for the Orb.
     0 | D:1      | Reached XP level 1. HP: 19/19 MP: 0/0
   120 | D:1      | Upgraded the game from 0.20-a0-263-g81abdfb to 0.20-a0-266-gdedccd6
   246 | D:1      | Reached XP level 2. HP: 27/27 MP: 1/1
   269 | D:1      | Upgraded the game from 0.20-a0-266-gdedccd6 to 0.20-a0-269-g17f5411
   894 | D:2      | Found a shadowy altar of Dithmenos.
   898 | D:2      | Reached XP level 3. HP: 33/33 MP: 2/2
  1391 | D:2      | Reached skill level 3 in Long Blades
  1766 | D:2      | Reached XP level 4. HP: 34/40 MP: 3/3
  2234 | D:3      | Reached skill level 5 in Shields
  2373 | D:3      | Reached skill level 1 in Dodging
  2465 | D:3      | Noticed Borgoz's ghost (amateur TrTm)
  2551 | D:4      | Got an encrusted leather armour
  2577 | D:4      | Reached XP level 5. HP: 46/46 MP: 4/4
  2593 | D:4      | Noticed an ogre
  2607 | D:4      | Killed an ogre
  2607 | D:4      | Reached skill level 4 in Long Blades
  2628 | D:4      | Noticed a phantom
  2646 | D:4      | Killed a phantom
  2646 | D:4      | Reached skill level 5 in Long Blades
  2646 | D:4      | Reached XP level 6. HP: 36/53 MP: 5/5
  2811 | D:4      | Reached skill level 5 in Armour
  3040 | D:5      | Entered Level 5 of the Dungeon
  3063 | D:5      | Reached XP level 7. HP: 60/60 MP: 6/6
  3120 | D:5      | Reached skill level 6 in Long Blades
  3190 | D:5      | Found a staircase to the Ecumenical Temple.
  3194 | Temple   | Entered the Ecumenical Temple
  3268 | Temple   | Became a worshipper of Makhleb the Destroyer
  3824 | D:5      | Reached skill level 1 in Stealth
  3932 | D:5      | Reached skill level 7 in Long Blades
  4069 | D:5      | Reached skill level 5 in Fighting
  4569 | D:6      | Reached XP level 8. HP: 31/68 MP: 7/7
  4813 | D:6      | Reached * piety under Makhleb
  4837 | D:6      | HP: 3/68 [gnoll/flail of protection (1)]
  4840 | D:6      | Slain by a gnoll

Vault maps used:
D:1:      grunt_arrival_lava_bath, st_stairs_1, minmay_split_cup_small
D:2:      lemuel_statue_altar
D:3:      first_bread
D:4:      st_stairs_13, grunt_ministairs_11
D:6:      lemuel_castle_with_subvaults, cheibrodos_ashenzari_chains
Temple:   kilobyte_greek_temple

Skill      XL: |  1  2  3  4  5  6  7 |
---------------+----------------------+-----
Shields        | 4 5 6 |  6.8
Fighting       | 4 5 |  5.2
Armour         | 4 5 |  5.9
Long Blades    | 3 5 7 |  7.7
Dodging        | 1 2 |  2.4
Stealth        | 1 |  1.0

Action                   |  1- 3 |  4- 6 |  7- 9 || total
-------------------------+-------+-------+-------++-------
Melee: Long sword        |    84 |    97 |   139 ||   320
       Headbutt          |    13 |    15 |    33 ||    61
  Use: Potion            |     3 |     3 |     2 ||     8
       Scroll            |     7 |     6 |     2 ||    15
  Eat: Chunk             |     2 |     5 |     6 ||    13
Armor: Scale mail        |    45 |    33 |    42 ||   120
Dodge: Dodged            |    35 |    29 |    45 ||   109
Block: Shield            |    47 |    52 |    86 ||   185
       Rpst.: Long sword |     9 |    13 |    13 ||    35
